 Dungeon Crawl Stone Soup version 0.16-a0-3639-gab560df (webtiles) character file.

101 Stone the Grave Robber (level 4, 0/30 HPs)
             Began as a Mummy Necromancer on Jan 15, 2015.
             Slain by an orc wizard
             ... wielding a +0 dagger
              (2 damage)
             ... on level 3 of the Dungeon.
             The game lasted 00:07:50 (3253 turns).

Stone the Grave Robber (Mummy Necromancer)          Turns: 3253, Time: 00:07:50

Health: 0/30       AC:  6    Str: 11    XL:     4   Next: 48%
Magic:  5/10       EV: 12    Int: 15    God:
Gold:   58         SH:  0    Dex: 12    Spells: 2 memorised, 6 levels left

rFire  x . .     SeeInvis .     l - +0 hand axe
rCold  + . .     Clarity  .     a - +0 robe
rNeg   + + +     SustAb   .     (no shield)
rPois  ∞         Gourm    .     (no helmet)
rElec  .         Spirit   .     j - +2 cloak
rCorr  .         Warding  .     (no gloves)
rMut   .         Stasis   .     n - +0 pair of boots
MR     .....                    (no amulet)
Stlth  ++........               (no ring)
                                (no ring)

@: not resistant to hostile enchantments, unstealthy
A: no food or potions, fire vulnerability, restore body, cold resistance 1,
negative energy resistance 3, poison resistance, torment resistance, unbreathing
a: no special abilities


You were on level 3 of the Dungeon.
You were not hungry.

You visited 1 branch of the dungeon, and saw 3 of its levels.

You collected 58 gold pieces.

Inventory:

Hand weapons
 i - a +0 club
 l - a +0 hand axe (weapon)
Missiles
 c - 10 stones (quivered)
 m - 5 javelins of returning
Armour
 a - a +0 robe (worn)
 e - a +0 robe
 g - a +0 ring mail
 j - a +2 cloak (worn)
 n - a +0 pair of boots (worn)
 o - a +0 cloak
Scrolls
 d - a scroll of identify
 f - a scroll of enchant weapon
 h - a scroll of recharging
 k - 2 scrolls of remove curse
 p - a scroll of amnesia
Books
 b - a book of Necromancy

   Spells                             Type                      Level
   a - Pain                           Necromancy                   1
   b - Animate Skeleton               Necromancy                   1
   c - Vampiric Draining              Necromancy                   3
   d - Regeneration                   Charms/Necromancy            3
   e - Animate Dead                   Necromancy                   4
   f - Control Undead                 Necromancy                   4


   Skills:
 - Level 1.5 Dodging
 - Level 1.5 Stealth
 * Level 3.8 Spellcasting
 + Level 4.6 Necromancy


You had 6 spell levels left.
You knew the following spells:

 Your Spells              Type           Power        Failure   Level  Hunger
a - Pain                  Necr           ###.         2%          1    N/A
b - Vampiric Draining     Necr           ###.......   10%         3    N/A

Dungeon Overview and Level Annotations

Branches:
Dungeon (3/15)

Altars:
Fedhas


Innate Abilities, Weirdness & Mutations

You do not eat or drink.
Your flesh is vulnerable to fire.
Your flesh is cold resistant.
You are immune to negative energy.
Your system is resistant to poisons.
You are immune to unholy pain and torment.
You can survive without breathing.


Message History

You hear some strange, mumbled words.
Something tries to affect you, but you resist.
Casting: Pain
Confirm with . or Enter, or press ? or * to list all spells.
You can't see any susceptible monsters within range! (Use Z to cast anyway.)
Casting: Pain
Confirm with . or Enter, or press ? or * to list all spells.
You don't know that spell.
Casting: Pain
Confirm with . or Enter, or press ? or * to list all spells.
You don't know that spell.
Casting: Pain
Confirm with . or Enter, or press ? or * to list all spells.
You can't see any susceptible monsters within range! (Use Z to cast anyway.)
Casting: Pain
Confirm with . or Enter, or press ? or * to list all spells.
You don't know that spell.
You closely miss something. Something completely misses you.
You barely miss something. Something hits you.
You die...

...................
....#####.###.##.##.
#...#...............
#...#............... #
#...#..####.)........
#...#..# #...##.##.#
....#..####...##.##.##.#
.........................
................@........
#...#..####..###.#####...
#...#..# #..# #.#####....
#.#.#..# #..# #..........
#.###..# #..# #)#####.###
#.# #... #..# #)# ..
..... . ... ... ##.# ...


There were no monsters in sight!

Vanquished Creatures
  An orc priest (D:3)
  An adder (D:2)
  2 worms (D:2)
  2 giant geckos
  3 orcs (D:3)
  3 ball pythons
  9 bats
  2 giant cockroaches
  8 hobgoblins
  A quokka (D:2)
  2 giant newts (D:1)
  5 goblins
  4 kobolds
  7 rats
50 creatures vanquished.

Notes
Turn   | Place    | Note
--------------------------------------------------------------
     0 | D:1      | Stone, the Mummy Necromancer, began the quest for the Orb.
     0 | D:1      | Reached XP level 1. HP: 13/13 MP: 3/3
   508 | D:1      | Reached XP level 2. HP: 19/19 MP: 3/5
  1941 | D:2      | Reached XP level 3. HP: 24/24 MP: 3/7
  2058 | D:2      | Found a blossoming altar of Fedhas.
  3104 | D:2      | Learned a level 3 spell: Vampiric Draining
  3229 | D:3      | Reached XP level 4. HP: 30/30 MP: 5/10
  3250 | D:3      | HP: 1/30 [something (4)]
  3253 | D:3      | Slain by an orc wizard

Action                   |  1- 3 |  4- 6 || total
-------------------------+-------+-------++-------
Melee: Unarmed           |     8 |       ||     8
       Club              |     5 |       ||     5
       Hand axe          |     4 |    12 ||    16
 Cast: Pain              |    93 |     4 ||    97
  Use: Scroll            |     4 |       ||     4
